 Dungeon Crawl Stone Soup version 0.23.1 (webtiles) character file.

Game seed: 0

311 myga the Covert (level 6, -5/46 HPs)
             Began as a Vampire Assassin on Mar 18, 2019.
             Slain by an orc
             ... wielding a +0 trident
              (9 damage)
             ... on level 4 of the Dungeon.
             The game lasted 00:19:28 (3734 turns).

myga the Covert (Vampire Assassin)                  Turns: 3734, Time: 00:19:28

Health: -5/46      AC:  3    Str: 12    XL:     6   Next: 18%
Magic:  7/7        EV: 13    Int: 13    God:
Gold:   131        SH:  0    Dex: 16    Spells: 3/6 levels left

rFire    . . .     SeeInvis +   a - +3 dagger
rCold    + . .     Gourm    .   (no shield)
rNeg     + + .     Faith    .   c - +0 robe
rPois    +         Spirit   .   (no helmet)
rElec    .         Reflect  .   d - +0 cloak
rCorr    .         Harm     .   (no gloves)
MR       .....                  (no boots)
Stlth    +++++.....             (no amulet)
HPRegen  0.07/turn              (no ring)
MPRegen  0.10/turn              (no ring)

@: regenerating slowly
A: fangs 3, see invisible, unbreathing
a: Bat Form


You were on level 4 of the Dungeon.
You were thirsty.

You visited 1 branch of the dungeon, and saw 4 of its levels.

You collected 131 gold pieces.

Inventory:

Hand Weapons
 a - a +3 dagger (weapon)
 p - a +0 blowgun
Missiles
 e - 15 poisoned needles
 f - 2 curare-tipped needles
 h - 62 sling bullets
 i - 62 arrows
 m - 83 stones (quivered)
Armour
 c - a +0 robe (worn)
 d - a +0 cloak (worn)
Wands
 u - a wand of iceblast (8)
Scrolls
 j - 3 scrolls of magic mapping
 o - 3 scrolls of remove curse
 s - a scroll of fear
 t - a scroll of blinking {unknown}
 v - a scroll of noise {unknown}
Potions
 b - a potion of heal wounds {unknown}
 g - 18 potions of blood
 n - a potion of brilliance {unknown}
 q - a potion of lignification {unknown}


   Skills:
 + Level 2.6 Fighting
 + Level 3.5 Short Blades
 + Level 2.2 Throwing
 + Level 2.3 Dodging
 + Level 8.7 Stealth
 + Level 0.8 Spellcasting
 + Level 0.2 Hexes
 + Level 0.1 Summonings


You had 3 spell levels left.
You knew the following spells:

 Your Spells              Type           Power        Failure   Level  Hunger
a - Summon Small Mammal   Summ           #...         26%         1    ##.....
b - Confusing Touch       Hex            #.....       26%         1    ##.....
c - Apportation           Tloc           #.....       28%         1    ##.....

Your spell library contained the following spells:

 Spells                   Type           Power        Failure   Level  Hunger
 Animate Skeleton         Necr           N/A          28%         1    ##.....


Dungeon Overview and Level Annotations

Branches:
Dungeon (4/15)
 Temple: D:4-7

Altars:
Ashenzari


Innate Abilities, Weirdness & Mutations

You heal slowly.
You have razor-sharp teeth.
You have supernaturally acute eyesight. (SInv)
You can survive without breathing.


Message History

The iguana bites you.
Your magical contamination has completely faded away.
The orc wizard hits you but does no damage.
The iguana closely misses you.
The orc wizard gestures at you while chanting.
The magic dart hits you!
The orc wizard points at you and mumbles some strange words.
You resist with some effort. The orc hits you with a +0 trident.
The iguana bites you!
You bump into the rock wall.
The orc barely misses you.
The orc wizard hits you but does no damage.
The iguana bites you.
You barely miss the iguana. The orc hits you with a +0 trident.
The orc wizard hits you but does no damage.
You bump into the rock wall.
You feel less confused. The iguana bites you!
* * * LOW HITPOINT WARNING * * *
The orc wizard completely misses you. The orc hits you with a +0 trident!
You die...

#....##..####...........#
##.. ##.##.............#
## #................#
#...............##
#..............##
#..............# #
#os...........## #
#ooo.#.......## #
#@lo.##......# ##
#.....##....## #.
#.....###...# #.
#..........## #.
....######..#####. ...###
###..##.. ##.## ###..##
#. ###.. .# ###


You could see an iguana, an orc wizard (invisible), 4 orcs and a giant
cockroach.

Vanquished Creatures
  A scorpion (D:4)
  An orc priest (D:3)
  A hound (D:4)
  2 worker ants (D:4)
  6 adders
  3 oozes
  An adder skeleton (D:4)
  A dart slug (D:1)
  A leopard gecko (D:1)
  7 orcs
  3 ball pythons
  8 bats
  5 giant cockroaches
  12 goblins
  5 hobgoblins
  2 quokkas (D:3)
  6 frilled lizards
  11 kobolds
  4 rats
80 creatures vanquished.

Vanquished Creatures (collateral kills)
  A jackal skeleton (D:4)
  A quokka skeleton (D:4)
  A rat (D:3)
3 creatures vanquished.

Grand Total: 83 creatures vanquished

Notes
Turn   | Place    | Note
-------+----------+-------------------------------------------
     0 | D:1      | myga the Vampire Assassin began the quest for the Orb.
     0 | D:1      | Reached XP level 1. HP: 16/16 MP: 1/1
    21 | D:1      | Reached skill level 6 in Stealth
    90 | D:1      | Reached XP level 2. HP: 21/22 MP: 2/2
   578 | D:1      | Reached XP level 3. HP: 22/27 MP: 3/3
   819 | D:2      | Reached skill level 7 in Stealth
  1038 | D:2      | Reached XP level 4. HP: 32/33 MP: 4/4
  1629 | D:3      | Learned a level 1 spell: Summon Small Mammal
  1631 | D:3      | Learned a level 1 spell: Confusing Touch
  1633 | D:3      | Learned a level 1 spell: Apportation
  1685 | D:3      | Reached XP level 5. HP: 2/38 MP: 3/5
  2647 | D:3      | Reached skill level 8 in Stealth
  3232 | D:4      | Found a shattered altar of Ashenzari.
  3278 | D:4      | Reached XP level 6. HP: 29/46 MP: 6/6
  3734 | D:4      | Slain by an orc

Skill      XL: |  1  2  3  4  5  6 |
---------------+-------------------+-----
Stealth        | 6 7 8 |  8.7
Fighting       | 2 |  2.6
Short Blades   | 3 |  3.5
Dodging        | 2 |  2.3
Throwing       | 2 |  2.2
Spellcasting   | |  0.8
Hexes          | |  0.2
Summonings     | |  0.1

Action                   |  1- 3 |  4- 6 || total
-------------------------+-------+-------++-------
Melee: Dagger            |    80 |   118 ||   198
       Bite              |     8 |    11 ||    19
Throw: Stone             |     7 |     7 ||    14
 Cast: Summon Small Mamm |       |    11 ||    11
       Confusing Touch   |       |     2 ||     2
Evoke: Wand              |       |     1 ||     1
  Use: Scroll            |     3 |     5 ||     8
       Potion            |       |     6 ||     6
 Stab: Sleeping          |    11 |    19 ||    30
       Distracted        |     1 |       ||     1
       Confused          |       |     1 ||     1
Armor: Robe              |    11 |    19 ||    30
Dodge: Dodged            |    33 |    61 ||    94
